 Dungeon Crawl Stone Soup version 0.29.1-12-g30fa7ad0bf (webtiles) character file.

Game seed: 725902802298549721

47 hawla the Firebug (level 4, 0/35 HPs)
             Began as a Meteoran Fire Elementalist on Jan 12, 2023.
             Slain by a gnoll
             ... wielding a +0 club
             ... led by a gnoll bouda
              (4 damage)
             ... on level 4 of the Dungeon.
             The game lasted 00:03:10 (518 turns).

hawla the Firebug (Meteoran Fire Elementalist)       Turns: 518, Time: 00:03:11

Health: 0/35       AC:  3    Str: 10    XL:     4   Next: 17%
Magic:  3/9        EV: 13    Int: 18    God:
Gold:   44         SH:  0    Dex: 14    Spells: 2/9 levels left

rFire   . . .      SeeInvis .   (no weapon)
rCold   . . .      Faith    .   (no shield)
rNeg    . . .      Spirit   .   a - +0 robe
rPois   .          Reflect  .   (no helmet)
rElec   .          Harm     .   (no cloak)
rCorr   .          Rampage  .   (no gloves)
Will    .....                   h - +0 pair of boots
Stlth   +.........              (no amulet)
HPRegen 0.11/turn               (no ring)
MPRegen 0.11/turn               (no ring)

@: very slightly contaminated, glowing
A: sense surroundings 1, otherworldly, glowing, explore regen
a: no special abilities


You were on level 4 of the Dungeon.
You visited 1 branch of the dungeon, and saw 4 of its levels.

You collected 44 gold pieces.

Inventory:

Armour
 a - a +0 robe (worn)
 h - a +0 pair of boots (worn)
Scrolls
 e - a scroll of butterflies {unknown}
Potions
 b - 2 potions of brilliance {unknown}
 c - a potion of heal wounds {unknown}
 d - a potion of might {unknown}
 g - 2 potions of lignification {unknown}


   Skills:
 - Level 1.0 Fighting
 - Level 3.1 Dodging
 - Level 1.4 Stealth
 - Level 3.1 Spellcasting
 + Level 1.4 Conjurations
 - Level 4.4 Fire Magic


You had 2 spell levels left.
You knew the following spells:

 Your Spells              Type           Power      Damage    Failure   Level
a - Foxfire               Conj/Fire      52%        2x1d6     4%          1
b - Scorch                Fire           36%        2d6       3%          2
c - Flame Wave            Conj/Fire      13%        2d6       43%         4

Your spell library contained the following spells:

 Spells                   Type           Power      Damage    Failure   Level
 Conjure Flame            Conj/Fire      13%        6-21      14%         3
 Inner Flame              Hex/Fire       10%        N/A       19%         3


Dungeon Overview and Level Annotations

Branches:
Dungeon (4/15) Zot: 1876
 Temple: D:4-7

Altars:


Innate Abilities, Weirdness & Mutations

You passively map a small area around you.
You are easily found by Zot.
You glow in the dark.
You regain HP and MP as you explore.


Message History

Press: ? - help, Dir - look around, f - activate You miscast Flame Wave.
You are very lightly contaminated with residual magic.
Nothing appears to happen.
You hear a shout!
The adder bites you.
A gnoll comes into view. It is wielding a +0 spear.
The gnoll hits you with a +0 club! The adder misses you.
A gnoll comes into view. It is wielding a +0 club.
You aren't carrying any scrolls.
The gnoll bouda barks out a call to the hunt!
The gnoll picks up the pace!
The adder attacks as you move away! The adder bites you.
You are poisoned.
The adder poisons you!
You feel sick.
You feel sick. The adder bites you.
You are more poisoned.
The adder poisons you!
You feel sick.
Casting: Flame Wave (extremely dangerous; 43% risk of failure)
Confirm with . or Enter, or press ? or * to list all spells.
You conjure some foxfire!
You feel sick.
The foxfire hits the gnoll but does no damage.
The gnoll is moderately wounded.
The adder bites you.
The gnoll bouda calls upon its god to heal the gnoll.
The gnoll's wounds heal themselves!
You feel sick.
The foxfire hits the gnoll.
The gnoll is lightly wounded.
The adder bites you.
Found a stone staircase leading up.
You feel sick.
You feel sick. The gnoll hits you with a +0 club.
* * * LOW HITPOINT WARNING * * *
The gnoll attacks as you move away! The gnoll barely misses you.
You feel sick.
You see here a scroll labelled NUJASCH PIKLUT.
e - a scroll labelled NUJASCH PIKLUT You feel sick.
You are no longer poisoned.
The gnoll hits you with a +0 club.
You die...

###..###................#.#,
# #.................###.#.##
#*#..###..###.#.###.##.....#.
.....# #..# #.#.# #.#........
#.#... .......#.# #.##.....#
* #.#.####..#####.#
#........., , .,... ,....
,..# #..#..#.## * #.#.
##..#########.....#.# ....,
.........@gSg....#.# ,# * , ,
.######$.###g..#.##.###
......g.g.......... ,
...##..###........## ## #.<#
#.##g.#### * , ...# #.##..# ,
* #...#*...#..#* *, ,*
#...........g, , * ##...#..#g
*


You could see a gnoll bouda, 3 gnolls and an adder.

Vanquished Creatures
  4 gnolls (D:2)
  3 endoplasms
  2 goblins
  A bat (D:2)
  A kobold (D:1)
11 creatures vanquished.

Vanquished Creatures (others)
  38 foxfires
38 creatures vanquished.

Grand Total: 49 creatures vanquished

Notes
Turn   | Place    | Note
-------+----------+-------------------------------------------
     0 | D:1      | hawla the Meteoran Fire Elementalist began the quest for
                  | the Orb.
     0 | D:1      | Reached XP level 1. HP: 14/14 MP: 5/5
   170 | D:1      | Found a faded altar of an unknown god.
   202 | D:1      | Reached XP level 2. HP: 20/20 MP: 3/6
   302 | D:2      | Reached skill level 4 in Fire Magic
   373 | D:2      | Reached XP level 3. HP: 16/26 MP: 1/8
   378 | D:2      | Reached skill level 1 in Fighting
   397 | D:2      | Reached XP level 4. HP: 26/35 MP: 5/9
   400 | D:2      | Learned a level 2 spell: Scorch
   460 | D:4      | Learned a level 4 spell: Flame Wave
   518 | D:4      | Slain by a gnoll

Illustrated notes

Levels and vault maps discovered:
D:1:      sevenhm_arrival_forest_fort_small_3, layout_rooms,
          shapermc_ecumenical_altar_totnotflames, minmay_misc_feat_x,
          minivault_11, serial_bayou_lake_a
D:2:      minmay_diamond_boxcup, layout_basic, serial_curves, eino_curves_02,
          eino_curves_02
D:3:      layout_loops_corners, uniq_grinder
D:4:      layout_loops_ring, st_stairs_13, minmay_misc_feat_more_columns

Skill      XL: |  1  2  3 |
---------------+----------+-----
Fire Magic     | 4 |  4.4
Spellcasting   | 3 |  3.1
Fighting       | 1 |  1.0
Dodging        | 3 |  3.1
Stealth        | |  1.4
Conjurations   | |  1.4

Action                   |  1- 3 |  4- 6 || total
-------------------------+-------+-------++-------
Melee: Unarmed           |     1 |       ||     1
 Cast: Foxfire           |    18 |     5 ||    23
       Scorch            |       |     1 ||     1
  Use: Scroll            |     2 |       ||     2
       Potion            |     1 |       ||     1
Armor: Robe              |     1 |       ||     1
Dodge: Dodged            |     5 |     2 ||     7
